 Dungeon Crawl Stone Soup version 0.29-a0-506-ga2e7fffb44 (webtiles) character file.

Game seed: 3911251689179922422

138 kyalle the Firebug (level 5, -1/35 HPs)
             Began as a Human Fire Elementalist on May 28, 2022.
             Slain by Grinder (8 damage)
             ... on level 3 of the Dungeon.
             The game lasted 00:19:10 (3829 turns).

kyalle the Firebug (Human Fire Elementalist)        Turns: 3829, Time: 00:19:11

Health: -1/35      AC:  3    Str:  8    XL:     5   Next: 45%
Magic:  4/9        EV: 12    Int: 18    God:
Gold:   140        SH:  0    Dex: 11    Spells: 4/10 levels left

rFire   . . .      SeeInvis .   g - +0 whip
rCold   . . .      Faith    .   (no shield)
rNeg    . . .      Spirit   .   a - +1 robe
rPois   .          Reflect  .   (helmet restricted)
rElec   .          Harm     .   (no cloak)
rCorr   .          Rampage  .   (no gloves)
Will    .....                   (no boots)
Stlth   ++........              (no amulet)
HPRegen 0.11/turn               (no ring)
MPRegen 0.11/turn               (no ring)

@: no status effects
A: horns 1, clumsy 1
a: no special abilities


You were on level 3 of the Dungeon.
You visited 1 branch of the dungeon, and saw 3 of its levels.

You collected 140 gold pieces.

Inventory:

Hand Weapons
 g - a +0 whip (weapon)
Armour
 a - a +1 robe (worn)
 m - a +0 pair of gloves
Jewellery
 i - a +4 ring of protection
Scrolls
 d - 3 scrolls of identify
 h - a scroll of poison {unknown}
 k - a scroll of silence {unknown}
 l - a scroll of torment {unknown}
 n - a scroll of magic mapping {unknown}
 o - a scroll of immolation {unknown}
 p - a scroll of vulnerability {unknown}
Potions
 e - 2 potions of curing {unknown}
 f - 2 potions of might {unknown}
 j - a potion of lignification {unknown}
 q - a potion of flight {unknown}


   Skills:
 + Level 1.1 Maces & Flails
 + Level 2.6 Dodging
 - Level 2.3 Stealth
 * Level 3.2 Spellcasting
 + Level 2.1 Conjurations
 + Level 3.5 Fire Magic


You had 4 spell levels left.
You knew the following spells:

 Your Spells              Type           Power      Damage    Failure   Level
a - Foxfire               Conj/Fire      52%        2x1d6     4%          1
b - Scorch                Fire           30%        2d6       5%          2
c - Conjure Flame         Conj/Fire      13%        6-21      16%         3

Your spell library contained the following spells:

 Spells                   Type           Power      Damage    Failure   Level
 Inner Flame              Hex/Fire       9%         N/A       22%         3
 Ensorcelled Hibernation  Hex/Ice        4%         N/A       24%         2
 Spider Form              Tmut/Pois      2%         N/A       43%         3
 Flame Wave               Conj/Fire      13%        2d6       45%         4
 Anguish                  Hex/Necr       1%         N/A       85%         4


Dungeon Overview and Level Annotations

Branches:
Dungeon (3/15)

Altars:

Annotations:
D:3 Grinder


Innate Abilities, Weirdness & Mutations

You have a pair of small horns on your head.
You are clumsy. (Dex -2)


Message History

The foxfire hits Grinder but does no damage.
Grinder is severely wounded.
Grinder gestures at you.
You suddenly lose the ability to move!
The foxfire hits Grinder.
Grinder is severely wounded.
The foxfire hits Grinder.
Grinder is severely wounded.
Grinder gestures at you. You resist with significant effort.
Grinder blinks! x2
You can move again.
Casting: Foxfire (safe; 4% risk of failure)
Confirm with . or Enter, or press ? or * to list all spells.
You conjure some foxfire!
Grinder says, "FISH!"
Grinder gestures at you. Pain shoots through your body!
* * * LOW HITPOINT WARNING * * *
Casting: Foxfire (safe; 4% risk of failure)
Confirm with . or Enter, or press ? or * to list all spells.
You conjure some foxfire!
The foxfire hits Grinder.
Grinder is severely wounded.
Grinder blinks!
Casting: Foxfire (safe; 4% risk of failure)
Confirm with . or Enter, or press ? or * to list all spells.
You conjure some foxfire!
The foxfire hits Grinder.
Grinder is almost dead.
The foxfire hits Grinder but does no damage.
Grinder is almost dead.
Casting: Foxfire (safe; 4% risk of failure)
Confirm with . or Enter, or press ? or * to list all spells.
You conjure some foxfire!
The foxfire hits Grinder.
Grinder is almost dead.
The foxfire hits Grinder but does no damage.
Grinder is almost dead.
The foxfire hits Grinder but does no damage.
Grinder is almost dead.
Grinder hits you!
You die...

#...?..... # #.........
# #......... #
#......... # #.........
####### #######.........
......###......v.§......
.......... ##5@§......
.......### ##...v......
..###### ##.$#########
.## ##..## .# #..## ##
#.## ######.###
#........# #........#


You could see Grinder (ally target).

Vanquished Creatures
  7 adders
  A worm (D:3)
  3 dart slugs
  An orc (D:3)
  6 bats
  5 endoplasms
  7 giant cockroaches
  4 goblins
  5 hobgoblins
  3 quokkas
  5 ball pythons
  A frilled lizard (D:1)
  7 kobolds
  8 rats
63 creatures vanquished.

Vanquished Creatures (others)
  116 foxfires
  3 plants (D:3)
  4 toadstools (D:1)
123 creatures vanquished.

Grand Total: 186 creatures vanquished

Notes
Turn   | Place    | Note
-------+----------+-------------------------------------------
     0 | D:1      | kyalle the Human Fire Elementalist began the quest for the
                  | Orb.
     0 | D:1      | Reached XP level 1. HP: 13/13 MP: 3/3
   269 | D:1      | Reached XP level 2. HP: 19/19 MP: 3/5
   817 | D:1      | Reached XP level 3. HP: 21/24 MP: 0/6
  1858 | D:2      | Learned a level 2 spell: Scorch
  1862 | D:2      | Learned a level 3 spell: Conjure Flame
  2269 | D:2      | Found a faded altar of an unknown god.
  2286 | D:2      | Reached XP level 4. HP: 30/30 MP: 4/7
  2941 | D:3      | Gained mutation: Your spells are a little easier to cast,
                  | but a little less powerful. [potion of mutation]
  2942 | D:3      | Lost mutation: Your spells are a little easier to cast, but
                  | a little less powerful. [potion of mutation]
  2942 | D:3      | Gained mutation: You are clumsy. (Dex -2) [potion of
                  | mutation]
  2942 | D:3      | Gained mutation: You have a pair of small horns on your
                  | head. [potion of mutation]
  2978 | D:3      | Reached skill level 1 in Maces & Flails
  3090 | D:3      | Reached XP level 5. HP: 35/35 MP: 4/9
  3795 | D:3      | Noticed Grinder
  3798 | D:3      | Paralysed by Grinder for 2 turns
  3803 | D:3      | Paralysed by Grinder for 2 turns
  3821 | D:3      | Paralysed by Grinder for 5 turns
  3829 | D:3      | Slain by Grinder

Illustrated notes

Levels and vault maps discovered:
D:1:      ldierk_walled_garden_2, layout_basic, chequers_decorated_corner
D:2:      layout_basic, hellmonk_ecumenical_altar_crossroads,
          minmay_misc_feat_roman, minmay_pentomino_t4
D:3:      layout_rooms, serial_forest, infiniplex_forest_straight_4,
          infiniplex_forest_lined_room_2, infiniplex_forest_lined_corner,
          infiniplex_forest_split, infiniplex_forest_clump_double, uniq_grinder

Skill      XL: |  1  2  3  4  5 |
---------------+----------------+-----
Maces & Flails | 1 |  1.1
Spellcasting   | 3 |  3.2
Conjurations   | 2 |  2.1
Dodging        | |  2.6
Stealth        | |  2.3
Fire Magic     | |  3.5

Action                   |  1- 3 |  4- 6 || total
-------------------------+-------+-------++-------
Melee: Unarmed           |    23 |       ||    23
       Whip              |     9 |    27 ||    36
       Headbutt          |       |     1 ||     1
 Cast: Foxfire           |    65 |    42 ||   107
       Scorch            |       |    20 ||    20
  Use: Scroll            |     3 |     2 ||     5
       Potion            |       |     6 ||     6
Armor: Robe              |    21 |    19 ||    40
Dodge: Dodged            |    64 |    41 ||   105

Table legend: (Time is in decaauts)
 A = Elapsed time spent in this place.
 B = Non-inter-level travel time spent in this place.
 C = Inter-level travel time spent in this place.
 D = Time resting spent in this place.
 E = Time spent auto-exploring this place.
 F = Levels seen in this place.
 G = Mean time per level.
                   A        B        C        D        E       F      G
               +--------+--------+--------+--------+--------+-----+--------+
         Total |   3831 |   3670 |    161 |      0 |   2661 |   3 | 1277.0 |
       Dungeon |   3831 |   3670 |    161 |      0 |   2661 |   3 | 1277.0 |
               +--------+--------+--------+--------+--------+-----+--------+

Top non-repeatable levels by time:
     D:1: 1801 daAuts
     D:2: 1138 daAuts
     D:3: 891 daAuts
